 Dungeon Crawl Stone Soup version 0.16-a0-3272-g378764d (webtiles) character file.

39 LogicNinja the Sneak (level 3, -2/16 HPs)
             Began as a Vine Stalker Enchanter on Jan 11, 2015.
             Slain by Sigmund
             ... wielding a +0 scythe
              (8 damage)
             ... on level 2 of the Dungeon.
             The game lasted 00:02:08 (996 turns).

LogicNinja the Sneak (Vine Stalker Enchanter)        Turns: 996, Time: 00:02:08

Health: -2/16      AC:  3    Str: 10    XL:     3   Next: 45%
Magic:  0/7        EV: 12    Int: 15    God:
Gold:   61         SH:  0    Dex: 15    Spells: 3 memorised, 0 levels left

rFire  . . .     SeeInvis .     a - +1 dagger
rCold  . . .     Clarity  .     b - +1 robe
rNeg   . . .     SustAb   .     (no shield)
rPois  .         Gourm    .     (no helmet)
rElec  .         Spirit   +     (no cloak)
rCorr  .         Warding  .     (no gloves)
rMut   .         Stasis   .     (no boots)
MR     .....                    i - amulet of faith (curse)
Stlth  ++........               (no ring)
                                (no ring)

@: not resistant to hostile enchantments, unstealthy
A: fangs 2, regeneration 1, magic shield, antimagic bite, no device heal 3, rot
immunity
a: no special abilities


You were on level 2 of the Dungeon.
You were not hungry.

You visited 1 branch of the dungeon, and saw 2 of its levels.

You collected 61 gold pieces.

Inventory:

Hand weapons
 a - a +1 dagger (weapon)
Armour
 b - a +1 robe (worn)
Jewellery
 i - a cursed amulet of faith (around neck)
Scrolls
 j - a scroll of identify {unknown}
 k - a scroll of fear {unknown}
Potions
 e - a potion of resistance {unknown}
 f - 2 potions of curing {unknown}
 g - a potion of degeneration {unknown}
 h - a potion of magic {unknown}
Books
 c - a book of Maledictions

   Spells                             Type                      Level
   a - Corona                         Hexes                        1
   b - Sure Blade                     Hexes/Charms                 2
   c - Ensorcelled Hibernation        Hexes/Ice                    2
   d - Confuse                        Hexes                        3
   e - Dazzling Spray                 Conjuration/Hexes            3
   f - Enslavement                    Hexes                        4
Comestibles
 d - 3 bread rations


   Skills:
 * Level 2.9 Short Blades
 - Level 1.5 Dodging
 - Level 3.6 Stealth
 - Level 2.1 Spellcasting
 - Level 3.0 Hexes


You couldn't memorise any spells.
You knew the following spells:

 Your Spells              Type           Power        Failure   Level  Hunger
a - Corona                Hex            ##.....      8%          1    #......
b - Ensorcelled Hibernat  Hex/Ice        #.....       17%         2    ###....
c - Confuse               Hex            ##......     21%         3    ###....


Dungeon Overview and Level Annotations

Branches:
Dungeon (2/15)

Altars:
The Shining One

Annotations:
D:2 Sigmund


Innate Abilities, Weirdness & Mutations

You have extremely sharp teeth.
Your natural rate of healing is unusually fast.
When hurt, damage is shared between your health and your magic reserves.
Your bite disrupts and absorbs the magic of your enemies.
Potions and wands cannot restore your health.
You are immune to rotting.


Message History

Deactivating autopickup; reactivate with Ctrl-A.
No target in view!
There is a strange disturbance nearby!
No target in view!
There is a strange disturbance nearby!
No target in view!
Casting: Corona
Confirm with . or Enter, or press ? or * to list all spells.
Aiming: Confuse
Press: ? - help, Shift-Dir - straight line, f - you Nothing appears to happen.
Something hits you.
* * * LOW HITPOINT WARNING * * *
Casting: Confuse
Confirm with . or Enter, or press ? or * to list all spells.
You don't have enough magic to cast that spell.
There is a strange disturbance nearby!
You hit something. You hit something. Something hits you!
Ouch! That really hurt!
You die...

#.#........#
#.#(.......#
####'#.#'#..#.#
.......#.####.##
.......#.......#
.......#########
.###'#......... .#
#†####################
.#
#....(.......@{.......
.#
######†....###########
.# #.....# .# #.....#
.# #.....# .# #.....#
.# #.....# .# #.....#
.# #######


There were no monsters in sight!

Vanquished Creatures
  An adder (D:2)
  A giant mite (D:1)
  A giant gecko (D:1)
  3 bats
  5 hobgoblins
  5 kobolds (D:1)
  A giant newt (D:1)
  3 goblins (D:1)
  A rat (D:2)
21 creatures vanquished.

Notes
Turn   | Place    | Note
--------------------------------------------------------------
     0 | D:1      | LogicNinja, the Vine Stalker Enchanter, began the quest for the Orb.
     0 | D:1      | Reached XP level 1. HP: 9/9 MP: 3/3
    23 | D:1      | Reached skill level 1 in Short Blades
   117 | D:1      | Reached XP level 2. HP: 11/13 MP: 5/5
   404 | D:1      | Reached XP level 3. HP: 4/16 MP: 7/7
   645 | D:1      | Found a glowing golden altar of the Shining One.
   977 | D:2      | Learned a level 2 spell: Ensorcelled Hibernation
   981 | D:2      | Learned a level 3 spell: Confuse
   990 | D:2      | Noticed Sigmund
   996 | D:2      | Slain by Sigmund

Action                   || total
-------------------------++-------
Melee: Dagger            ||    90
 Cast: Confuse           ||     1
       Corona            ||     1
  Use: Scroll            ||     1
 Stab: Sleeping          ||     3
